| TOP OF THE 1ST |
|
University of Georgia Bulldogs batting - Pitching for Coastal Carolina University Chanticleers : RHP Austin Kuhn
|
|
Pitching: RHP Austin Kuhn
|
|
|
Batting: RHB Eric Sherry
|
0-0: Foul Ball, location: 2F 0-1: Ground out U3 (Groundball, 34, EV 80.0 MPH)
|
|
Batting: RHB Andrew Pride
|
0-0: Ball 1-0: Ground out 6-3 (Groundball, 6, EV 80.0 MPH)
|
|
Batting: RHB Jonathan Ellis
|
0-0: Called Strike 0-1: Called Strike 0-2: DOUBLE (Line Drive, 78D, EV 96.9 MPH)
|
|
Batting: RHB Nick Katz
|
0-0: Ball 1-0: Ball 2-0: Ball 3-0: Base on Balls
|
|
Batting: RHB Nick Ogle
|
0-0: Ball Wild Pitch! Jonathan Ellis to third Nick Katz to second 1-0: Ball 2-0: Ball 3-0: Called Strike 3-1: Base on Balls
|
|
Batting: RHB Kevin Allen
|
0-0: Ball 1-0: Ground out 5-3 (Groundball, 5S, EV 66.3 MPH)
|
| Top of the 1st over - 0 runs, 1 hit, 0 errors, 3 left on base; University of Georgia 0 - Coastal Carolina University 0 |
| BOTTOM OF THE 1ST |
|
Coastal Carolina University Chanticleers batting - Pitching for University of Georgia Bulldogs : RHP Kevin Stewart
|
|
Pitching: RHP Kevin Stewart
|
|
|
Batting: LHB Elmo Dreier
|
0-0: Fly out, F3 (Popup, 23F, EV 86.3 MPH)
|
|
Batting: RHB Adrian Billups
|
0-0: Ball 1-0: Foul Ball, location: 2F 1-1: Swinging Strike 1-2: Ball 2-2: Fly out, F3 (Popup, 23F, EV 79.4 MPH)
|
|
Batting: RHB Matt Black
|
0-0: Ball 1-0: Ball 2-0: Called Strike 2-1: Ball 3-1: Called Strike 3-2: Foul Ball, location: 2F 3-2: Ground out 4-3 (Groundball, 4, EV 91.9 MPH)
|
| Bottom of the 1st over - 0 runs, 0 hits, 0 errors, 0 left on base; University of Georgia 0 - Coastal Carolina University 0 |
| TOP OF THE 2ND |
|
University of Georgia Bulldogs batting - Pitching for Coastal Carolina University Chanticleers : RHP Austin Kuhn
|
|
Batting: RHB Jordan Fairburn
|
0-0: Called Strike 0-1: Ball 1-1: Called Strike 1-2: Ball 2-2: Strikes out looking
|
|
Batting: RHB David Zelaya
|
0-0: Ball 1-0: Foul Ball, location: 2F 1-1: Swinging Strike 1-2: Ball 2-2: Foul Ball, location: 2F 2-2: Ball 3-2: Base on Balls
|
|
Batting: RHB Kevin Stewart
|
0-0: Sac Bunt to 3S - play at first, batter OUT! 3-4 David Zelaya to second
|
|
Batting: RHB Eric Sherry
|
0-0: Ball 1-0: Foul Ball, location: 2F 1-1: Foul Ball, location: 2F 1-2: SINGLE (Groundball, 56D, EV 101.9 MPH) David Zelaya to third Runner from 3rd tries for Home, SAFE, throw by LF to home
|
|
Batting: RHB Andrew Pride
|
0-0: Ball Eric Sherry steals 2nd base 1-0: Called Strike 1-1: Foul Ball, location: 2F 1-2: Foul Ball, location: 2F 1-2: Ball 2-2: Foul Ball, location: 2F 2-2: Ball 3-2: Strikes out swinging
|
| Top of the 2nd over - 1 run, 1 hit, 0 errors, 1 left on base; University of Georgia 1 - Coastal Carolina University 0 |
| BOTTOM OF THE 2ND |
|
Coastal Carolina University Chanticleers batting - Pitching for University of Georgia Bulldogs : RHP Kevin Stewart
|
|
Batting: RHB Matt Alderson
|
0-0: Ball 1-0: Ball 2-0: Called Strike 2-1: Swinging Strike 2-2: Ball 3-2: Base on Balls
|
|
Batting: LHB Adam Eisen
|
0-0: Ball 1-0: Called Strike 1-1: Foul Ball, location: 2F 1-2: Ball 2-2: Foul Ball, location: 2F 2-2: Strikes out swinging
|
|
Batting: RHB Brian Gargis
|
0-0: Ball 1-0: Swinging Strike 1-1: SINGLE (Groundball, 6D, EV 104.4 MPH) Matt Alderson to second
|
|
Batting: RHB John Piccolo
|
0-0: Ball 1-0: Fly out, F3 (Line Drive, 3, EV 63.8 MPH)
|
|
Batting: LHB Roman Downey
|
0-0: Ball 1-0: Fly out, F8 (Flyball, 78S, EV 87.5 MPH)
|
| Bottom of the 2nd over - 0 runs, 1 hit, 0 errors, 2 left on base; University of Georgia 1 - Coastal Carolina University 0 |
| TOP OF THE 3RD |
|
University of Georgia Bulldogs batting - Pitching for Coastal Carolina University Chanticleers : RHP Austin Kuhn
|
|
Batting: RHB Jonathan Ellis
|
0-0: Ball 1-0: Swinging Strike 1-1: Ball 2-1: SINGLE (Groundball, 4D, EV 109.4 MPH)
|
|
Batting: RHB Nick Katz
|
0-0: Called Strike 0-1: Called Strike 0-2: Ball 1-2: Ball 2-2: Ball 3-2: Foul Ball, location: 2F 3-2: Base on Balls Jonathan Ellis to second
|
|
Batting: RHB Nick Ogle
|
0-0: Ball 1-0: Ball 2-0: SINGLE (Flyball, 9LS, EV 91.9 MPH) Jonathan Ellis to third Nick Katz to second
|
|
Batting: RHB Kevin Allen
|
0-0: Ball 1-0: Ball 2-0: Ground out 6-3 (Groundball, P, EV 86.3 MPH) Jonathan Ellis scores Nick Katz to third Nick Ogle to second
|
|
Batting: RHB Jordan Fairburn
|
0-0: Called Strike 0-1: Ball 1-1: Ball 2-1: Ball 3-1: TRIPLE (Flyball, 78XD, EV 103.8 MPH) Nick Katz scores Nick Ogle scores
|
|
Pinch Runner at 3rd Gary Sampson:
|
|
|
Batting: RHB David Zelaya
|
0-0: Called Strike 0-1: Foul Ball, location: 2F 0-2: Strikes out looking
|
|
Batting: RHB Kevin Stewart
|
0-0: Ball 1-0: Called Strike 1-1: Ball 2-1: Called Strike 2-2: Strikes out swinging
|
| Top of the 3rd over - 3 runs, 3 hits, 0 errors, 1 left on base; University of Georgia 4 - Coastal Carolina University 0 |
| BOTTOM OF THE 3RD |
|
Coastal Carolina University Chanticleers batting - Pitching for University of Georgia Bulldogs : RHP Kevin Stewart
|
|
Now at SS: Gary Sampson
|
|
|
Batting: RHB Austin Kuhn
|
0-0: Swinging Strike 0-1: Foul Ball, location: 2F 0-2: Strikes out swinging
|
|
Batting: LHB Elmo Dreier
|
0-0: Foul Ball, location: 2F 0-1: Ground out 4-3 (Groundball, 4, EV 79.4 MPH)
|
|
Batting: RHB Adrian Billups
|
0-0: Fly out, F7 (Flyball, 7LD, EV 98.1 MPH)
|
| Bottom of the 3rd over - 0 runs, 0 hits, 0 errors, 0 left on base; University of Georgia 4 - Coastal Carolina University 0 |
| TOP OF THE 4TH |
|
University of Georgia Bulldogs batting - Pitching for Coastal Carolina University Chanticleers : RHP Austin Kuhn
|
|
Batting: RHB Eric Sherry
|
0-0: Called Strike 0-1: Called Strike 0-2: Ball 1-2: Ground out 6-3 (Groundball, 56, EV 105.0 MPH)
|
|
Pitching: LHP Kevin Hoffman
|
|
|
Batting: RHB Andrew Pride
|
0-0: Ground out 5-3 (Groundball, 56, EV 103.1 MPH)
|
|
Batting: RHB Jonathan Ellis
|
0-0: Called Strike 0-1: Ball 1-1: Ball 2-1: Ball 3-1: Base on Balls
|
|
Batting: RHB Nick Katz
|
0-0: Ball 1-0: Called Strike 1-1: Fly out, F4 (Flyball, 34D, EV 74.4 MPH)
|
| Top of the 4th over - 0 runs, 0 hits, 0 errors, 1 left on base; University of Georgia 4 - Coastal Carolina University 0 |
| BOTTOM OF THE 4TH |
|
Coastal Carolina University Chanticleers batting - Pitching for University of Georgia Bulldogs : RHP Kevin Stewart
|
|
Batting: RHB Matt Black
|
0-0: Ball 1-0: Foul Ball, location: 2F 1-1: Foul Ball, location: 2F 1-2: Ball 2-2: Ball 3-2: Fly out, F4 (Flyball, 4D, EV 86.9 MPH)
|
|
Batting: RHB Matt Alderson
|
0-0: Ball 1-0: Called Strike 1-1: Called Strike 1-2: Ball 2-2: Strikes out looking
|
|
Batting: LHB Adam Eisen
|
0-0: Called Strike 0-1: Ball 1-1: Reached on error, E5 (Groundball, 5, EV 98.8 MPH)
|
|
Batting: RHB Brian Gargis
|
0-0: Ball 1-0: Called Strike 1-1: Called Strike 1-2: Ball 2-2: Ball 3-2: Foul Ball, location: 2F 3-2: Strikes out looking
|
| Bottom of the 4th over - 0 runs, 0 hits, 1 error, 1 left on base; University of Georgia 4 - Coastal Carolina University 0 |
| TOP OF THE 5TH |
|
University of Georgia Bulldogs batting - Pitching for Coastal Carolina University Chanticleers : LHP Kevin Hoffman
|
|
Batting: RHB Nick Ogle
|
0-0: Ball 1-0: Foul Ball, location: 2F 1-1: Swinging Strike 1-2: SOLO HOME RUN (Flyball, 8LXD, EV 110.0 MPH), Distance : 456 ft
|
|
Batting: RHB Kevin Allen
|
0-0: Ball 1-0: Foul Ball, location: 2F 1-1: Ball 2-1: Called Strike 2-2: Ball 3-2: Foul Ball, location: 2F 3-2: Base on Balls
|
|
Batting: RHB Gary Sampson
|
0-0: Ball 1-0: Ball 2-0: DOUBLE (Line Drive, 89D, EV 111.9 MPH) Kevin Allen to third
|
|
Pitching: RHP Shane Davis
|
|
|
Batting: RHB David Zelaya
|
0-0: Ball 1-0: Fly out, F8 (Flyball, 8RM, EV 94.4 MPH) Runner from 3rd tags up, SCORES, throw by CF
|
|
Batting: RHB Kevin Stewart
|
0-0: Fly out, F7 (Flyball, 7D, EV 100.6 MPH)
|
|
Batting: RHB Eric Sherry
|
0-0: Ground out 4-3 (Groundball, 4M, EV 80.6 MPH)
|
| Top of the 5th over - 2 runs, 2 hits, 0 errors, 1 left on base; University of Georgia 6 - Coastal Carolina University 0 |
| BOTTOM OF THE 5TH |
|
Coastal Carolina University Chanticleers batting - Pitching for University of Georgia Bulldogs : RHP Kevin Stewart
|
|
Batting: RHB John Piccolo
|
0-0: Ball 1-0: Ball 2-0: SINGLE (Groundball, 56, EV 103.1 MPH) (infield hit)
|
|
Batting: LHB Roman Downey
|
0-0: Called Strike 0-1: Fly out, F6 (Popup, 6M, EV 55.0 MPH)
|
|
Batting: RHB Shane Davis
|
0-0: Sac Bunt to 3S - play at second, runner OUT! 3-6
|
|
Batting: LHB Elmo Dreier
|
0-0: Ball 1-0: Ball 2-0: Fly out, F8 (Flyball, 8LM, EV 87.5 MPH)
|
| Bottom of the 5th over - 0 runs, 1 hit, 0 errors, 1 left on base; University of Georgia 6 - Coastal Carolina University 0 |
| TOP OF THE 6TH |
|
University of Georgia Bulldogs batting - Pitching for Coastal Carolina University Chanticleers : RHP Shane Davis
|
|
Batting: RHB Andrew Pride
|
0-0: Called Strike 0-1: Ball 1-1: Ball 2-1: Ball 3-1: Base on Balls
|
|
Batting: RHB Jonathan Ellis
|
0-0: Called Strike 0-1: Called Strike 0-2: Ball 1-2: Ball 2-2: Ground out 5-3 (Groundball, 56, EV 89.4 MPH) Andrew Pride to second
|
|
Batting: RHB Nick Katz
|
0-0: Ball 1-0: Ball 2-0: Called Strike 2-1: Ball 3-1: Called Strike 3-2: Foul Ball, location: 2F 3-2: Foul Ball, location: 2F 3-2: Fly out, F7 (Flyball, 7LM, EV 88.8 MPH)
|
|
Batting: RHB Nick Ogle
|
0-0: Called Strike 0-1: Ground out 5-3 (Groundball, 5S, EV 79.4 MPH)
|
| Top of the 6th over - 0 runs, 0 hits, 0 errors, 1 left on base; University of Georgia 6 - Coastal Carolina University 0 |
| BOTTOM OF THE 6TH |
|
Coastal Carolina University Chanticleers batting - Pitching for University of Georgia Bulldogs : RHP Kevin Stewart
|
|
Batting: RHB Adrian Billups
|
0-0: Ball 1-0: Foul Ball, location: 2F 1-1: Ball 2-1: Foul Ball, location: 2F 2-2: SINGLE (Line Drive, 7S, EV 93.1 MPH)
|
|
Batting: RHB Matt Black
|
0-0: Called Strike 0-1: Foul Ball, location: 2F 0-2: Foul Ball, location: 2F 0-2: Foul Ball, location: 2F 0-2: Ball 1-2: Foul Ball, location: 2F 1-2: Foul Ball, location: 2F 1-2: Foul Ball, location: 2F 1-2: Ball 2-2: Ball 3-2: Fly out, F9 (Flyball, 89M, EV 91.9 MPH)
|
|
Pitching: RHP Kevin Endsley
|
|
|
Batting: RHB Matt Alderson
|
0-0: Ball 1-0: Ball 2-0: Ball 3-0: Called Strike 3-1: Foul Ball, location: 2F 3-2: Strikes out swinging Adrian Billups steals 2nd base Batter strikes out.
|
|
Batting: LHB Adam Eisen
|
0-0: Foul Ball, location: 2F 0-1: Foul Ball, location: 2F 0-2: Strikes out swinging
|
| Bottom of the 6th over - 0 runs, 1 hit, 0 errors, 1 left on base; University of Georgia 6 - Coastal Carolina University 0 |
| TOP OF THE 7TH |
|
University of Georgia Bulldogs batting - Pitching for Coastal Carolina University Chanticleers : RHP Shane Davis
|
|
Batting: RHB Kevin Allen
|
0-0: Called Strike 0-1: Ball 1-1: Fly out, F9 (Flyball, 89M, EV 89.4 MPH)
|
|
Batting: RHB Gary Sampson
|
0-0: Foul Ball, location: 2F 0-1: Ball 1-1: Ball 2-1: Ball 3-1: Base on Balls
|
|
Batting: RHB David Zelaya
|
0-0: Called Strike Gary Sampson is caught stealing 2nd base 2-4 0-1: Swinging Strike 0-2: Strikes out swinging
|
| Top of the 7th over - 0 runs, 0 hits, 0 errors, 0 left on base; University of Georgia 6 - Coastal Carolina University 0 |
| BOTTOM OF THE 7TH |
|
Coastal Carolina University Chanticleers batting - Pitching for University of Georgia Bulldogs : RHP Kevin Endsley
|
|
Batting: RHB Brian Gargis
|
0-0: SINGLE (Groundball, 15, EV 83.1 MPH) (infield hit)
|
|
Batting: RHB John Piccolo
|
0-0: Ball 1-0: Swinging Strike 1-1: Ball 2-1: Ball 3-1: Fly out, F6 (Popup, 56, EV 63.1 MPH)
|
|
Batting: LHB Roman Downey
|
0-0: Fielders Choice at 2nd, 2-6 (Groundball, 13S, EV 69.4 MPH)
|
|
Pinch Hitting: LHB Angel Mejia
|
0-0: Ball 1-0: Ball 2-0: Called Strike 2-1: Ball 3-1: Base on Balls Roman Downey to second
|
|
Batting: LHB Elmo Dreier
|
0-0: Ball 1-0: Ball 2-0: Called Strike 2-1: Ball 3-1: Swinging Strike 3-2: Strikes out swinging
|
| Bottom of the 7th over - 0 runs, 1 hit, 0 errors, 2 left on base; University of Georgia 6 - Coastal Carolina University 0 |
| TOP OF THE 8TH |
|
University of Georgia Bulldogs batting - Pitching for Coastal Carolina University Chanticleers : RHP Shane Davis
|
|
Pitching: RHP Dwight Bean
|
|
|
Pinch Hitting: LHB Vinny Siebecker
|
0-0: Ball 1-0: Called Strike 1-1: Ball 2-1: SINGLE (Groundball, 34D, EV 98.8 MPH)
|
|
Batting: RHB Eric Sherry
|
0-0: Called Strike 0-1: SINGLE (Groundball, 6D, EV 95.0 MPH) Vinny Siebecker to second
|
|
Batting: RHB Andrew Pride
|
0-0: Called Strike 0-1: Called Strike 0-2: Ball 1-2: Strikes out swinging
|
|
Batting: RHB Jonathan Ellis
|
0-0: Called Strike 0-1: Ball 1-1: Ball 2-1: Fly out, F3 (Line Drive, 3, EV 75.0 MPH)
|
|
Batting: RHB Nick Katz
|
0-0: Ball 1-0: Foul Ball, location: 2F 1-1: Swinging Strike 1-2: Ball 2-2: Ball 3-2: Foul Ball, location: 2F 3-2: SINGLE (Line Drive, 7LS, EV 111.9 MPH) Vinny Siebecker to third Eric Sherry to second Vinny Siebecker scores Eric Sherry to third
|
|
Batting: RHB Nick Ogle
|
0-0: Foul Ball, location: 2F 0-1: Ball 1-1: Swinging Strike 1-2: 3-RUN HOME RUN (Flyball, 7D, EV 106.3 MPH), Distance : 395 ft
|
|
Pitching: RHP Arnel Mangalindan
|
|
|
Batting: RHB Kevin Allen
|
0-0: Ball 1-0: Fly out, F9 (Flyball, 9S, EV 84.4 MPH)
|
| Top of the 8th over - 4 runs, 4 hits, 0 errors, 0 left on base; University of Georgia 10 - Coastal Carolina University 0 |
| BOTTOM OF THE 8TH |
|
Coastal Carolina University Chanticleers batting - Pitching for University of Georgia Bulldogs : RHP Kevin Endsley
|
|
Pitching: RHP Eddie Aguirre
|
|
|
Batting: RHB Adrian Billups
|
0-0: Called Strike 0-1: Ball 1-1: Swinging Strike 1-2: Strikes out swinging
|
|
Batting: RHB Matt Black
|
0-0: Foul Ball, location: 2F 0-1: Swinging Strike 0-2: Foul Ball, location: 2F 0-2: Foul Ball, location: 2F 0-2: Ball 1-2: Strikes out swinging
|
|
Batting: RHB Matt Alderson
|
0-0: SOLO HOME RUN (Flyball, 9D, EV 96.3 MPH), Distance : 383 ft
|
|
Batting: LHB Adam Eisen
|
0-0: Called Strike 0-1: Ball 1-1: Ground out 4-3 (Groundball, 34, EV 102.5 MPH)
|
| Bottom of the 8th over - 1 run, 1 hit, 0 errors, 0 left on base; University of Georgia 10 - Coastal Carolina University 1 |
| TOP OF THE 9TH |
|
University of Georgia Bulldogs batting - Pitching for Coastal Carolina University Chanticleers : RHP Arnel Mangalindan
|
|
Batting: RHB Gary Sampson
|
0-0: Swinging Strike 0-1: Swinging Strike 0-2: Strikes out swinging
|
|
Batting: RHB David Zelaya
|
0-0: Called Strike 0-1: Swinging Strike 0-2: Ball 1-2: Ball 2-2: Foul Ball, location: 2F 2-2: Strikes out swinging
|
|
Batting: RHB Eddie Aguirre
|
0-0: Foul Ball, location: 2F 0-1: Ball 1-1: Foul Ball, location: 2F 1-2: Fly out, F7 (Line Drive, 7, EV 93.8 MPH)
|
| Top of the 9th over - 0 runs, 0 hits, 0 errors, 0 left on base; University of Georgia 10 - Coastal Carolina University 1 |
| BOTTOM OF THE 9TH |
|
Coastal Carolina University Chanticleers batting - Pitching for University of Georgia Bulldogs : RHP Eddie Aguirre
|
|
Batting: RHB Brian Gargis
|
0-0: Ground out 4-3 (Groundball, 4S, EV 87.5 MPH)
|
|
Batting: RHB John Piccolo
|
0-0: SINGLE (Line Drive, 8RS, EV 91.9 MPH)
|
|
Batting: LHB Roman Downey
|
0-0: Ball 1-0: Ball 2-0: Ball 3-0: Base on Balls John Piccolo to second
|
|
Pinch Hitting: RHB Mark Williams
|
0-0: Called Strike 0-1: Ball 1-1: Ball 2-1: Grounds into double play, 4-6-3 (Groundball, 4, EV 83.8 MPH)
|
| Bottom of the 9th over - 0 runs, 1 hit, 0 errors, 1 left on base; University of Georgia 10 - Coastal Carolina University 1 |
|